AoeStats
← Josmi-Ga'lock

Black Forest

508988316Analyzed
3v3 RM · 9d ago on Sep 25, 2026· 49m 39s· 6 players
Game mode
Random Map
Map size
Normal (6 player)
Population
200
Speed
Normal
Resources
Standard
Victory
Conquest
Starting age
Dark Age
Ending age
Imperial Age
RankedLock teamsTeams togetherTeam positionsShared explorationLock speedFull tech treeHidden civsTurbo modeCheats
Victory
Defeat
🇺🇸 Mongols · United States
971
+13
🇺🇸 Burgundians · United States
893
+16
🇺🇸 Japanese · United States
852
+17
🇻🇪 Saxons · Venezuela
927
-17
🇦🇷 Varangians · Argentina
917
-16
🇦🇷 Mongols · Argentina
844
-13
nathanst1996
1:14 Loom
3:38 Loom
9:40 Wheelbarrow
12:05 Feudal Age
13:39 Double-Bit Axe
13:37 Horse Collar
13:55 Gold Mining
15:12 Bow Saw
25:16 Castle Age
29:02 Cavalier
31:33 Stone Mining
32:02 Hand Cart
35:20 Imperial Age
32:58 Burgundian Vineyards
33:54 Scale Barding Armor
34:01 Forging
33:41 Fletching
33:52 Padded Archer Armor
33:55 Scale Mail Armor
35:03 Husbandry
35:45 Heavy Plow
37:52 Paladin
39:15 Chain Barding Armor
39:30 Iron Casting
44:04 Elite Coustillier
45:07 Conscription
46:24 Plate Barding Armor
47:08 Blast Furnace
FlorgeJoyd
0:42 Loom
12:02 Feudal Age
13:36 Double-Bit Axe
14:26 Horse Collar
17:06 Castle Age
18:21 Bow Saw
18:51 Heavy Plow
23:16 Wheelbarrow
25:17 Gold Mining
26:57 Hand Cart
27:14 Fletching
27:31 Scale Barding Armor
27:36 Forging
28:19 Bodkin Arrow
30:01 Ballistics
32:35 Imperial Age
31:11 Bloodlines
31:01 Husbandry
32:21 Murder Holes
32:37 Onager
33:48 Drill
33:19 Light Cavalry
34:13 Forging
34:23 Chain Barding Armor
34:05 Bracer
34:14 Siege Engineers
34:50 Nomads
34:53 Siege Onager
35:55 Hussar
keager241
0:38 Loom
13:01 Feudal Age
14:51 Wheelbarrow
14:46 Double-Bit Axe
14:44 Horse Collar
19:49 Castle Age
19:00 Gold Mining
21:04 Heavy Plow
22:47 Bow Saw
22:29 Crossbowman
23:03 Fletching
26:52 Ballistics
27:44 Hand Cart
28:48 Gold Shaft Mining
33:53 Imperial Age
32:46 Forging
32:37 Scale Mail Armor
34:30 Arbalester
35:38 Chain Mail Armor
35:43 Bodkin Arrow
36:49 Iron Casting
37:00 Kataparuto
37:01 Conscription
37:28 Elite Samurai
40:54 Chemistry
41:00 Thumb Ring
44:17 Blast Furnace
43:47 Plate Mail Armor
43:18 Bracer
43:18 Padded Archer Armor
Abyssus
1:10 Loom
12:16 Feudal Age
12:42 Double-Bit Axe
15:39 Horse Collar
16:44 Fishing Lines
18:13 Town Watch
25:23 Castle Age
27:07 Heavy Plow
30:51 Imperial Age
29:01 Bow Saw
30:56 Wheelbarrow
31:31 Gold Mining
31:34 Stone Mining
31:22 Shield Wall
32:23 Conscription
32:26 Hand Cart
32:31 Caravan
33:14 Gillnets
34:42 Two-Man Saw
34:03 Town Patrol
34:17 Elite Skirmisher
35:03 Thumb Ring
35:11 Squires
34:57 Arson
34:35 Pikeman
36:47 Crop Rotation
37:35 Scale Mail Armor
37:26 Fletching
37:37 Padded Archer Armor
39:26 Chemistry
38:33 Siege Engineers
39:17 Hoardings
39:07 Forging
39:38 Guilds
39:58 Coinage
40:07 Chain Mail Armor
39:48 Bodkin Arrow
39:40 Halberdier
41:30 Treadmill Crane
42:11 Ballistics
42:27 Plate Mail Armor
41:58 Bracer
42:13 Leather Archer Armor
42:52 Elite Varangian Guard
44:39 Iron Casting
44:26 Gambesons
45:12 Bloodlines
45:03 Husbandry
44:24 Light Cavalry
45:15 Elite Hearth Troop
46:41 Gold Shaft Mining
47:12 Fortified Wall
46:49 Hussar
47:41 Scale Barding Armor
48:07 Ring Archer Armor
48:12 Heavy Scorpion
Josmi-Ga'lock
0:30 Loom
11:11 Feudal Age
11:36 Town Watch
11:46 Double-Bit Axe
19:45 Castle Age
18:10 Horse Collar
20:34 Fishing Lines
24:22 Gillnets
26:38 Fervor
27:49 Heavy Plow
33:10 Imperial Age
31:23 Wheelbarrow
32:17 Stone Mining
32:18 Gold Mining
32:54 Treadmill Crane
33:37 Ballistics
34:00 Stone Shaft Mining
35:53 Crop Rotation
36:55 Bloodlines
36:45 Husbandry
36:51 Cavalier
38:03 Forging
37:53 Scale Mail Armor
37:58 Scale Barding Armor
37:46 Fletching
38:25 Hand Cart
38:12 Town Patrol
38:55 Conscription
37:58 Elite Jarl
39:32 Bow Saw
40:38 Bodkin Arrow
40:57 Masonry
40:57 Light Cavalry
43:58 Chain Barding Armor
44:14 Iron Casting
44:44 Fortified Wall
45:39 Chemistry
44:42 Bracer
45:20 Plate Barding Armor
44:44 Hussar
45:23 Vendel Legacy
Bluezote
0:55 Loom
11:19 Feudal Age
20:30 Castle Age
22:37 Wheelbarrow
22:04 Double-Bit Axe
26:31 Caravan
26:33 Horse Collar
32:31 Man-at-Arms
33:33 Heavy Plow
33:55 Bow Saw
37:16 Imperial Age
35:59 Hand Cart
35:46 Gold Mining
40:14 Elite Skirmisher
44:50 Coinage
Connection lost

Rejoining the realm…

Still unreachable

The connection could not be restored.

Session expired

The server has moved on; the page needs a fresh start.